 Dungeon Crawl Stone Soup version 0.21-a0-78-g82a99e0 (webtiles) character file.

58 Rrauwl the Slasher (level 4, -1/33 HPs)
             Began as a Barachi Berserker on June 22, 2017.
             Was a Believer of Trog.
             Slain by a gnoll
             ... wielding a +0 halberd
              (9 damage)
             ... on level 2 of the Dungeon.
             The game lasted 00:03:38 (909 turns).

Rrauwl the Slasher (Barachi Berserker)               Turns: 909, Time: 00:03:39

Health: -1/33      AC:  2    Str: 18    XL:     4   Next: 2%
Magic:  4/4        EV: 13    Int:  7    God:    Trog [**....]
Gold:   92         SH:  0    Dex: 15    Spells: 3/3 levels left

rFire    . . .     SeeInvis .   a - +0 falchion
rCold    . . .     Gourm    .   (no shield)
rNeg     . . .     Faith    .   b - +0 animal skin
rPois    .         Spirit   .   (no helmet)
rElec    .         Reflect  .   (no cloak)
rCorr    .         Harm     .   (no gloves)
MR       .....                  (no boots)
Stlth    +.........             i - amulet of regeneration
HPRegen  0.51/turn              e - ring of loudness (curse)
MPRegen  0.09/turn              (no ring)

@: can't hop, slow
A: +LOS, swims, thin skeletal structure 1, frail 1, slowness 1, strong legs 1
a: Hop, Berserk, Trog's Hand, Burn Spellbooks, Renounce Religion


You were on level 2 of the Dungeon.
You worshipped Trog.
Trog was pleased with you.
You were not hungry.

You visited 1 branch of the dungeon, and saw 2 of its levels.

You collected 92 gold pieces.

Inventory:

Hand Weapons
 a - a +0 falchion (weapon)
Missiles
 d - 23 bolts
Armour
 b - a +0 animal skin (worn)
Jewellery
 e - a cursed ring of loudness (left hand)
 i - an amulet of regeneration (around neck)
Comestibles
 c - 2 bread rations
 f - 4 chunks of flesh
 h - a meat ration
 m - a fruit


   Skills:
 + Level 4.2 Fighting
 + Level 4.4 Long Blades
 + Level 2.8 Armour
 - Level 3.0 Dodging


You had 3 spell levels left.
You didn't know any spells.

Dungeon Overview and Level Annotations

Branches:
Dungeon (2/15)

Altars:


Innate Abilities, Weirdness & Mutations

Shadows flee at your approach. (+LOS)
You can swim through water.
You cover ground slowly.
You can hop short distances.
You have a somewhat thin skeletal structure. (Dex +2, Stealth)
You are frail. (-10% HP)


Message History

Your +0 animal skin unmelds from your body.
The gnoll hits you from afar with a halberd!
The gnoll closely misses you. The gnoll closely misses you.
The gnoll barely misses you. The gnoll hits you but does no damage.
The gnoll hits you from afar with a halberd!
* * * LOW HITPOINT WARNING * * *
Hop to where?
Press: ? - help, Dir - move target cursor Boing!
You feel better.
You start resting.
You hit the gnoll.
The gnoll is moderately wounded.
The gnoll hits you with a halberd!
* * * LOW HITPOINT WARNING * * *
You hit the gnoll but do no damage.
The gnoll is moderately wounded.
The gnoll closely misses you. The gnoll hits you with a halberd!
You die...

###.##.####.÷....#####
#..##.####.######...##
##.###.....<# ##.....##
#..###....### #.......#
........## #.......#
.......#########.......#
##.†.......g..)..g....#
#.....†)......###g....##
...............#@......#
...............#.......#
...............#.......#
...............##.....##
...............##....##
#.............##..####
##.....#.....## .##
#..#.######## . ..##.


You could see 2 gnolls.

Vanquished Creatures
  An adder (D:2)
  A worm (D:1)
  A dart slug (D:2)
  3 leopard geckos (D:1)
  7 bats
  3 giant cockroaches
  2 goblins
  4 hobgoblins
  4 jackals (D:2)
  2 frilled lizards (D:1)
  5 kobolds
  5 rats (D:1)
38 creatures vanquished.

Notes
Turn   | Place    | Note
-------+----------+-------------------------------------------
     0 | D:1      | Rrauwl the Barachi Berserker began the quest for the Orb.
     0 | D:1      | Reached XP level 1. HP: 18/18 MP: 1/1
   278 | D:1      | Reached XP level 2. HP: 23/25 MP: 2/2
   579 | D:1      | Reached XP level 3. HP: 28/30 MP: 3/3
   589 | D:1      | Reached ** piety under Trog
   843 | D:2      | Reached XP level 4. HP: 34/37 MP: 4/4
   857 | D:2      | Gained mutation: You are frail. (-10% HP) [potion of mutation]
   857 | D:2      | Gained mutation: You have a somewhat thin skeletal structure. (Dex +2, Stealth) [potion of mutation]
   898 | D:2      | HP: 1/33 [gnoll/halberd (11)]
   909 | D:2      | Slain by a gnoll

Vault maps used:
D:1:      dpeg_arrival_brainrot, serial_forest, infiniplex_forest_lined_room_3,
          infiniplex_forest_lined_3_way, infiniplex_forest_lined_ring,
          infiniplex_forest_end_1, infiniplex_forest_zigzag_1,
          infiniplex_forest_side_room, infiniplex_forest_pool,
          dk_noncrumbling_4, corner_web_ring

Skill      XL: |  1  2  3 |
---------------+----------+-----
Long Blades    | 4 |  4.4
Fighting       | 4 |  4.2
Dodging        | 3 |  3.0
Armour         | |  2.8

Action                   |  1- 3 |  4- 6 || total
-------------------------+-------+-------++-------
Melee: Falchion          |    95 |     5 ||   100
Invok: Trog's Hand       |       |     1 ||     1
 Abil: Hop               |       |     1 ||     1
  Use: Potion            |       |     5 ||     5
  Eat: Chunk             |       |     1 ||     1
Armor: Animal skin       |    15 |     1 ||    16
       Skin              |       |    41 ||    41
Dodge: Dodged            |    93 |    15 ||   108
       Rpst.: Falchion   |    31 |       ||    31
